 Dungeon Crawl Stone Soup version 0.30-a0-365-ge7f957f1db (webtiles) character file.

Game seed: 9577333608367382890

80 ez404 the Chopper (level 4, -1/39 (40) HPs)
             Began as a Draconian Berserker on Nov 16, 2022.
             Was a Follower of Trog.
             Slain by Grinder the ynoxinul (4 damage)
             ... on level 3 of the Dungeon on Nov 17, 2022.
             The game lasted 00:29:01 (3310 turns).

ez404 the Chopper (Draconian Berserker)             Turns: 3310, Time: 00:29:02

HP:   -1/39 (40)    AC: 10    Str: 21    XL:     4   Next: 18%
MP:   4/4           EV: 12    Int:  8    God:    Trog [*.....]
Gold: 43            SH:  0    Dex: 10    Spells: 3/3 levels left

rFire   . . .      SeeInvis .    g - +0 short sword
rCold   . . .      Faith    .    (no shield)
rNeg    . . .      Spirit   .    (body armour unavailable)
rPois   .          Reflect  .    (helmet restricted)
rElec   .          Harm     .    (no cloak)
rCorr   .          Rampage  .    r - +0 pair of gloves
Will    ++...                    (no boots)
Stlth   +.........               (no amulet)
HPRegen 1.26/turn                h - +4 ring of protection
MPRegen 0.09/turn                (no ring)

@: mighty, strong-willed, regenerating, lightly drained
A: AC +5, unfitting armour, cold-blooded
a: Renounce Religion, Berserk


You were on level 3 of the Dungeon.
You worshipped Trog.
Trog was aware of your devotion.
You visited 1 branch of the dungeon, and saw 3 of its levels.

You collected 108 gold pieces.
You spent 65 gold pieces at shops.

Inventory:

Hand Weapons
 a - a +0 hand axe
 d - a +0 dagger
 g - a +0 short sword (weapon)
Missiles
 e - 22 stones
 p - 4 javelins
 x - 6 poisoned darts (quivered)
Armour
 r - a +0 pair of gloves (worn)
 w - a +0 barding
Jewellery
 h - a +4 ring of protection (left hand)
Wands
 o - a wand of polymorph (3)
Scrolls
 c - a scroll of enchant armour {unknown}
 f - a scroll of poison {unknown}
 k - a scroll of fear {unknown}
 n - a scroll of identify {unknown}
 s - a scroll of summoning {unknown}
 v - a scroll of torment {unknown}
Potions
 i - a potion of ambrosia
 j - a potion of attraction {unknown}
 l - 3 potions of magic {unknown}
 m - 2 potions of degeneration {unknown}
 q - 3 potions of lignification {unknown}
 u - 2 potions of might


   Skills:
 + Level 4.0 Fighting
 + Level 4.1 Axes
 + Level 0.1 Throwing
 + Level 3.1 Dodging
 + Level 0.3 Stealth


You had 3 spell levels left.
You didn't know any spells.
Your spell library was empty.

Dungeon Overview and Level Annotations

Branches:
Dungeon (3/15)

Altars:

Shops:
D:2 *

Annotations:
D:3 1 runed translucent door, Grinder; olddryhag's ghost, amateur DsGl


Innate Abilities, Weirdness & Mutations

Your plain brown scales are hard. (AC +5)
You cannot fit into any form of body armour.
You are cold-blooded and may be slowed by cold attacks.


Message History

* * * LOW HITPOINT WARNING * * *
The ufetubus completely misses you. The ufetubus misses you.
Grinder says, "Mostly I couldn't keep them alive."
Grinder closely misses you.
You puncture Grinder!
Your tail-slap misses Grinder.
Grinder is heavily wounded.
The ufetubus closely misses you. The ufetubus barely misses you.
The ufetubus hits you but does no damage.
The ufetubus misses you. The ufetubus closely misses you.
The ufetubus hits you but does no damage. x2
The ufetubus hits you.
* * * LOW HITPOINT WARNING * * *
The ufetubus barely misses you. x2; The ufetubus misses you.
The ufetubus hits you but does no damage. x2
The ufetubus closely misses you. Grinder closely misses you.
You barely miss Grinder.
Your tail-slap misses Grinder.
Grinder is heavily wounded.
You feel the effects of Trog's Hand fading.
The ufetubus closely misses you. The ufetubus completely misses you.
The ufetubus barely misses you.
The ufetubus hits you but does no damage. x3
The ufetubus barely misses you.
The ufetubus hits you but does no damage. x2
The ufetubus barely misses you. x3
The ufetubus hits you but does no damage.
The ufetubus closely misses you.
The ufetubus hits you but does no damage. x2
Grinder hits you but does no damage.
Your skin crawls.
You feel strong-willed.
You can no longer call upon Trog for regeneration and willpower.
The ufetubus misses you. The ufetubus barely misses you. x2
The ufetubus misses you.
The ufetubus hits you but does no damage.
The ufetubus completely misses you.
The ufetubus hits you but does no damage. x3
The ufetubus barely misses you.
The ufetubus hits you but does no damage. x2
The ufetubus misses you. The ufetubus closely misses you. Grinder hits you.
You die...

⌠#.....# #.#..#
##...#<# #.#..#
#...##.# #.#..#
....##.## #.#..#
..#.##..# #.#..#
..#.##..######.#..#
###.##.†.......#5.#####
# #.###.####..5535....#
#...........55@5###.#
#######.####.####5# #.#
...####.# #.# #.# #.#
#.......# #.# #.# #.#
..###.).# #.# #.# #.#
.##)##..# #.# #.# #.#
.#...#..## #.# #.# #.#
†#...#...# #.# #.# #.#
.........# #.###.#


You could see Grinder the ynoxinul and 8 ufetubi.

Vanquished Creatures
  Robin (D:2)
  An adder (D:3)
  2 worms
  An orc (D:3)
  4 ball pythons
  4 endoplasms
  2 giant cockroaches
  11 goblins
  6 hobgoblins
  4 jackals (D:2)
  2 quokkas
  5 bats
  2 kobolds
  3 rats
48 creatures vanquished.

Notes
Turn   | Place    | Note
-------+----------+-------------------------------------------
     0 | D:1      | ez404 the Draconian Berserker began the quest for the Orb.
     0 | D:1      | Reached XP level 1. HP: 19/19 MP: 1/1
   821 | D:1      | Found a faded altar of an unknown god.
  1058 | D:1      | Reached XP level 2. HP: 21/26 MP: 2/2
  1227 | D:2      | Noticed Robin
  1260 | D:2      | Killed Robin
  1261 | D:2      | Reached XP level 3. HP: 23/23 MP: 3/3
  1936 | D:2      | Found Onweseul's General Store.
  1962 | D:2      | Reached ** piety under Trog
  2722 | D:2      | Bought a potion of heal wounds for 65 gold pieces
  2858 | D:3      | Found a runed translucent door.
  2859 | D:3      | Noticed olddryhag's ghost (amateur DsGl)
  2949 | D:3      | Reached XP level 4. HP: 28/35 MP: 4/4
  3276 | D:3      | Noticed Grinder
  3287 | D:3      | Grinder changed into Grinder the ynoxinul
  3287 | D:3      | Noticed Grinder
  3308 | D:3      | HP: 1/39 [ufetubus[Grinder the ynoxinul] (2)]
  3310 | D:3      | Slain by Grinder the ynoxinul

Illustrated notes

Levels and vault maps discovered:
D:1:      reono_arrival_forest_river, layout_basic,
          dilly_ecumenical_altar_fadedgnrine
D:2:      layout_rooms, serial_shops, shop_statue, minmay_box_of_dots,
          uniq_robin
D:3:      layout_loops_ring, nicolae_dithmenos_the_darkroom,
          hellmonk_ghost_happy_afterlife, minmay_three_crescents, uniq_grinder,
          uniq_crazy_yiuf_cottage, uniq_ijyb

Skill      XL: |  1  2  3  4 |
---------------+-------------+-----
Dodging        | 3 |  3.1
Fighting       | 4 |  4.0
Axes           | 4 |  4.1
Throwing       | |  0.1
Stealth        | |  0.3

Action                   |  1- 3 |  4- 6 || total
-------------------------+-------+-------++-------
Melee: Hand axe          |   108 |    40 ||   148
       Tailslap          |    14 |     7 ||    21
       Short sword       |       |     7 ||     7
Throw: Javelin           |     4 |       ||     4
       Stone             |     2 |     2 ||     4
Invok: Trog's Hand       |       |     2 ||     2
Evoke: Wand              |       |     1 ||     1
  Use: Potion            |     2 |     3 ||     5
       Scroll            |     1 |       ||     1
Armor: Skin              |    58 |    79 ||   137
Dodge: Dodged            |    88 |   123 ||   211

Table legend: (Time is in decaauts)
 A = Elapsed time spent in this place.
 B = Non-inter-level travel time spent in this place.
 C = Inter-level travel time spent in this place.
 D = Time resting spent in this place.
 E = Time spent auto-exploring this place.
 F = Levels seen in this place.
 G = Mean time per level.
                   A        B        C        D        E       F      G
               +--------+--------+--------+--------+--------+-----+--------+
         Total |   3347 |   3308 |     39 |   1111 |    288 |   3 | 1115.7 |
       Dungeon |   3347 |   3308 |     39 |   1111 |    288 |   3 | 1115.7 |
               +--------+--------+--------+--------+--------+-----+--------+

Top non-repeatable levels by time:
     D:2: 1648 daAuts
     D:1: 1203 daAuts
     D:3: 495 daAuts
